 Dungeon Crawl Stone Soup version 0.18.1-47-g9310371 (webtiles) character file.

8920 sveltemanboy the Basher (level 11, -1/109 HPs)
             Began as an Ogre Hunter on June 17, 2016.
             Was an Elder of Okawaru.
             Slain by a hippogriff (5 damage)
             ... on level 1 of the Lair of Beasts.
             The game lasted 00:33:23 (11056 turns).

sveltemanboy the Basher (Ogre Hunter)              Turns: 11056, Time: 00:33:23

Health: -1/109     AC:  6    Str: 27    XL:     11   Next: 38%
Magic:  14/14      EV: 12    Int: 10    God:    Okawaru [****..]
Gold:   588        SH:  0    Dex:  8    Spells: 2 memorised, 6 levels left

rFire  + . .     SeeInvis .     K - +1 giant spiked club
rCold  + . .     Gourm    .     b - +1 robe
rNeg   . . .     Faith    +     (shield currently unavailable)
rPois  +         Spirit   .     (helmet restricted)
rElec  .         Dismiss  .     z - +1 cloak
rCorr  .         Reflect  .     (gloves unavailable)
SustAt .         Harm     .     (boots unavailable)
MR     +++..                    F - amulet of faith
Stlth  +.........               p - ring of poison resistance
                                H - ring of protection from magic

@: mighty, extremely resistant to hostile enchantments, very unstealthy
A: unfitting armour, blurry vision 1, clumsy 1, cold resistance 1, fire
resistance 1, magic resistance 1, regeneration 1, tough skin 1, subdued magic 1
a: Heroism, Renounce Religion


You were on level 1 of the Lair of Beasts.
You worshipped Okawaru.
Okawaru was greatly pleased with you.
You were hungry.

You visited 3 branches of the dungeon, and saw 13 of its levels.

You collected 588 gold pieces.

Inventory:

Hand Weapons
 D - a +0 dire flail of crushing
 K - a +1 giant spiked club (weapon)
Missiles
 c - 9 tomahawks
 d - a throwing net
 o - 4 large rocks
 y - 2 javelins
 L - 3 tomahawks of returning (quivered)
Armour
 b - a +1 robe (worn)
 z - a +1 cloak (worn)
 J - a fire dragon hide
Jewellery
 e - an uncursed ring of fire
 j - a +3 ring of evasion
 p - a ring of poison resistance (right hand)
 F - an amulet of faith (around neck)
 H - a ring of protection from magic (left hand)
Wands
 v - a wand of paralysis (2/24)
 C - a wand of slowing (29/48)
 G - a wand of slowing (33/48)
Scrolls
 a - 5 scrolls of remove curse
 g - 3 scrolls of fear
 k - 2 scrolls of recharging
 m - 3 scrolls of identify
 s - 8 scrolls of teleportation
 w - 4 scrolls of magic mapping
 A - 2 scrolls of amnesia
Potions
 i - 2 potions of brilliance
 l - 4 potions of cancellation
 n - 2 potions of flight
 r - a potion of cure mutation
 B - a potion of haste
 E - 2 potions of resistance
 O - a potion of curing
Miscellaneous
 M - a lamp of fire
Comestibles
 f - 10 bread rations
 q - 4 slices of pizza
 t - 6 meat rations
 u - 5 beef jerkies
 I - 3 fruits
 N - 7 chunks of flesh


   Skills:
 + Level 7.5 Fighting
 * Level 14.8 Maces & Flails
 - Level 5.4 Throwing
 + Level 3.4 Armour
 + Level 8.1 Dodging
 - Level 0.7 Stealth
 - Level 5.1 Invocations


You had 6 spell levels left.
You knew the following spells:

 Your Spells              Type           Power        Failure   Level  Hunger
a - Blink                 Tloc           N/A          56%         2    ###....
b - Repel Missiles        Chrm/Air       #.....       56%         2    ###....


Dungeon Overview and Level Annotations

Branches:
Dungeon (11/15)            Temple (1/1) D:7            Lair (1/8) D:8
    Orc: D:9-12

Altars:
Ashenzari
Cheibriados
Dithmenos
Elyvilon
Fedhas
Gozag
Kikubaaqudgha
Makhleb
Nemelex Xobeh
Okawaru
Pakellas
Qazlal
Ru
Sif Muna
Trog
Vehumet
Xom
Yredelemnul
Zin
The Shining One

Shops:
D:5 [   D:8 }


Innate Abilities, Weirdness & Mutations

You are too large for most types of armour.
You have tough skin (AC +1).
Scrolls take you a little longer to read.
You are clumsy. (Dex -2)
Your flesh is cold resistant.
Your flesh is heat resistant.
You are resistant to hostile enchantments.
Your natural rate of healing is unusually fast.
Your spells are a little easier to cast, but a little less powerful.


Message History

You kill the yak!
Okawaru accepts your kill.
Evoke which item? (* to show all) (? for menu, Esc to quit)
Zapping:
v - a wand of paralysis {zapped: 9} (will waste charges)
Press: ? - help, Shift-Dir - straight line, f - hippogriff
Aim: a hippogriff (chance to defeat MR: 46%)
The hippogriff resists with some effort.
Evoking this partially-identified wand wasted a few charges.
The hippogriff bites you.
* * * LOW HITPOINT WARNING * * *
The hippogriff barely misses you. The hippogriff claws you.
* * * LOW HITPOINT WARNING * * *
Evoke which item? (* to show all) (? for menu, Esc to quit)
Zapping:
v - a wand of paralysis {zapped: 12} (will waste charges)
Press: ? - help, Shift-Dir - straight line, f/p - hippogriff
Aim: a hippogriff (chance to defeat MR: 46%)
The hippogriff resists with some effort.
Evoking this partially-identified wand wasted a few charges.
The hippogriff bites you.
You die...

..........####### #.
##..###....#...... #.
##....##....#......
#.P#.....##....#......
#.P#.....##....#......
#..............#......
##.....##....P......
#.....##...........
##@#####...........
##H# P.....P##.P#
#.....Y...............
#.....................
#.....................
#..Y.......... ......
#..Y........?. ......
#...Y......... ###.#.
..YY.......... #.##


You could see a yak and a hippogriff.

Vanquished Creatures
  A hydra (D:9)
  A griffon (D:11)
  Joseph (D:7)
  A merfolk (D:9)
  Sigmund (D:5)
  15 yaks
  A hippogriff (D:10)
  3 water moccasins
  A porcupine (Lair:1)
  An ice beast (D:6)
  3 orc warriors
  2 sky beasts (D:10)
  A wasp (D:11)
  An eye of draining (D:9)
  2 phantoms
  5 ogres
  A necrophage (D:9)
  2 crocodiles
  A big kobold (D:7)
  11 giant frogs
  A gnoll sergeant (D:9)
  3 scorpions
  6 wights
  A howler monkey (D:4)
  A jelly (D:5)
  A centaur zombie (D:7)
  7 crimson imps
  A wasp zombie (D:10)
  2 hounds
  A giant frog zombie (D:9)
  A centaur skeleton (D:8)
  13 orc wizards
  3 giant frog skeletons
  2 iguanas
  Natasha (thrice) (D:3)
  8 worker ants
  A hound zombie (D:10)
  3 hound skeletons
  6 gnolls
  12 adders
  A shadow imp (D:7)
  An ooze (D:1)
  2 adder zombies (D:6)
  2 adder skeletons
  6 worms
  3 dart slugs
  3 giant geckos
  27 orcs
  7 bats
  3 giant cockroaches
  4 goblins
  7 hobgoblins
  16 jackals
  13 kobolds
  2 quokkas
  3 ball pythons
  A giant gecko zombie (D:8)
  5 giant newts
  A quokka skeleton (D:9)
  10 rats
248 creatures vanquished.

Notes
Turn   | Place    | Note
--------------------------------------------------------------
     0 | D:1      | sveltemanboy the Ogre Hunter began the quest for the Orb.
     0 | D:1      | Reached XP level 1. HP: 22/22 MP: 1/1
    20 | D:1      | Noticed an electric eel
    81 | D:1      | Reached skill level 1 in Maces & Flails
    81 | D:1      | Reached XP level 2. HP: 9/29 MP: 2/2
   440 | D:1      | Reached skill level 2 in Maces & Flails
   497 | D:1      | Reached skill level 1 in Armour
   523 | D:1      | Reached XP level 3. HP: 36/36 MP: 3/3
  1130 | D:2      | Reached skill level 3 in Maces & Flails
  1471 | D:2      | Reached XP level 4. HP: 45/45 MP: 4/4
  1951 | D:3      | Reached skill level 4 in Maces & Flails
  1951 | D:3      | Reached XP level 5. HP: 53/54 MP: 5/5
  2441 | D:3      | Noticed Natasha
  2449 | D:3      | Killed Natasha
  2534 | D:3      | Noticed Natasha
  2539 | D:3      | Killed Natasha
  2613 | D:3      | Reached skill level 5 in Maces & Flails
  2673 | D:3      | Reached XP level 6. HP: 63/63 MP: 6/6
  3042 | D:3      | Noticed Natasha
  3048 | D:3      | Killed Natasha
  3544 | D:4      | Reached skill level 6 in Maces & Flails
  3581 | D:4      | Reached skill level 5 in Fighting
  3581 | D:4      | Reached XP level 7. HP: 62/72 MP: 7/7
  3932 | D:4      | Found a blossoming altar of Fedhas.
  3936 | D:4      | Found a shattered altar of Ashenzari.
  3941 | D:4      | Found a basalt altar of Yredelemnul.
  4402 | D:4      | Reached skill level 7 in Maces & Flails
  4613 | D:5      | Entered Level 5 of the Dungeon
  4670 | D:5      | Noticed Sigmund
  4679 | D:5      | Killed Sigmund
  4679 | D:5      | Reached skill level 8 in Maces & Flails
  4679 | D:5      | Reached XP level 8. HP: 82/83 MP: 8/8
  4877 | D:5      | Found Damostr Mafa's Antique Armour Boutique.
  4894 | D:5      | Found a shimmering altar of Xom.
  4895 | D:5      | Found a white marble altar of Elyvilon.
  5175 | D:6      | Found a deep blue altar of Sif Muna.
  5201 | D:6      | Found a radiant altar of Vehumet.
  5201 | D:6      | Found a stormy altar of Qazlal.
  5202 | D:6      | Found a sparkling altar of Nemelex Xobeh.
  5239 | D:6      | Reached skill level 9 in Maces & Flails
  5535 | D:6      | Gained mutation: Scrolls take you a little longer to read. [potion of mutation]
  5535 | D:6      | Gained mutation: Your flesh is cold resistant. [potion of mutation]
  5535 | D:6      | Gained mutation: Your natural rate of healing is unusually fast. [potion of mutation]
  5730 | D:6      | Reached skill level 5 in Dodging
  5777 | D:6      | Reached skill level 5 in Throwing
  5971 | D:6      | Reached skill level 10 in Maces & Flails
  5975 | D:6      | Reached XP level 9. HP: 85/89 MP: 9/9
  6181 | D:7      | Found an opulent altar of Gozag.
  6181 | D:7      | Found a staircase to the Ecumenical Temple.
  6186 | Temple   | Entered the Ecumenical Temple
  6214 | Temple   | Became a worshipper of Warmaster Okawaru
  6452 | D:7      | Reached skill level 1 in Invocations
  6554 | D:7      | Found a bloodstained altar of Trog.
  6568 | D:7      | Reached skill level 11 in Maces & Flails
  6696 | D:7      | Noticed Joseph
  6718 | D:7      | Paralysed by Joseph for 6 turns
  6744 | D:7      | Killed Joseph
  6744 | D:7      | Reached * piety under Okawaru
  7313 | D:8      | Reached skill level 12 in Maces & Flails
  7469 | D:8      | Learned a level 2 spell: Blink
  7472 | D:8      | Learned a level 2 spell: Repel Missiles
  7574 | D:8      | Found a staircase to the Lair.
  7585 | D:8      | Reached ** piety under Okawaru
  7744 | D:8      | Found Borik's Gadget Emporium.
  7833 | D:8      | Reached XP level 10. HP: 93/98 MP: 12/12
  8954 | D:9      | Reached skill level 13 in Maces & Flails
  8969 | D:9      | Reached *** piety under Okawaru
  9112 | D:9      | Noticed a five-headed hydra
  9125 | D:9      | Killed a five-headed hydra
  9125 | D:9      | Reached skill level 5 in Invocations
  9299 | D:9      | Found an oddly glowing altar of Pakellas.
  9337 | D:10     | Entered Level 10 of the Dungeon
  9607 | D:10     | Gained mutation: Your flesh is heat resistant. [mutagenic meat]
  9611 | D:10     | Gained mutation: You are clumsy. (Dex -2) [mutagenic meat]
  9689 | D:10     | Found a shattered altar of Ashenzari.
  9992 | D:10     | Reached **** piety under Okawaru
  9992 | D:10     | Reached skill level 14 in Maces & Flails
  9996 | D:10     | Gained mutation: You are resistant to hostile enchantments. [mutagenic meat]
  9997 | D:10     | Gained mutation: Your spells are a little easier to cast, but a little less powerful. [mutagenic meat]
 10251 | D:11     | Noticed a griffon
 10276 | D:11     | Killed a griffon
 10276 | D:11     | Reached XP level 11. HP: 23/107 MP: 14/14
 10549 | Lair:1   | Entered Level 1 of the Lair of Beasts
 11055 | Lair:1   | HP: 3/109 [hippogriff (6)]
 11056 | Lair:1   | Slain by a hippogriff

Skill      XL: |  1  2  3  4  5  6  7  8  9 10 11 |
---------------+----------------------------------+-----
Maces & Flails | 1 2 3 4 5 6 8 10 12 14 | 14.8
Dodging        | 2 3 4 5 6 7 8 |  8.1
Armour         | 1 2 3 |  3.4
Fighting       | 3 4 5 6 7 |  7.5
Throwing       | 5 |  5.4
Invocations    | 3 5 |  5.1
Stealth        | |  0.7

Action                   |  1- 3 |  4- 6 |  7- 9 | 10-12 || total
-------------------------+-------+-------+-------+-------++-------
Melee: Mace              |    83 |   115 |   280 |       ||   478
       Giant club        |       |       |    16 |       ||    16
       Dire flail        |       |       |   119 |   101 ||   220
       Giant spiked club |       |       |       |   150 ||   150
Throw: Large rock        |     5 |     9 |    12 |       ||    26
       Stone             |    15 |       |       |       ||    15
       Javelin           |     2 |    47 |    45 |    37 ||   131
       Tomahawk          |       |       |       |    39 ||    39
       Throwing net      |       |       |       |     5 ||     5
Invok: Heroism           |       |       |       |     2 ||     2
Evoke: Wand              |       |       |     5 |     5 ||    10
  Use: Scroll            |       |       |    23 |     3 ||    26
       Potion            |       |       |     5 |     5 ||    10
 Stab: Sleeping          |       |     1 |     2 |       ||     3
       Paralysed         |       |       |       |     1 ||     1
  Eat: Chunk             |     1 |     8 |    14 |    14 ||    37
Armor: Robe              |    30 |    22 |    70 |    42 ||   164
       Skin              |       |       |     6 |       ||     6
Dodge: Dodged            |    52 |    82 |   247 |   157 ||   538
